Map: [ESL] Cosmic Sapphire

Players

HateMe

  • Race: Zerg Zerg
  • Spawn Location: 11:00

Elazer - Winner!

  • Race: Zerg Zerg
  • Spawn Location: 5:00

Event: DreamHack SC2 Masters 2022 Atlanta (Online)

VOD

Have the link to the VOD?

Description

Time

  • Played on: Oct. 6, 2022, 12:45 p.m.
  • Length: 6:46

All games in this series

Show
View Real Time Build Order
Export as new Build Order

HateMe Zerg 

Build Orders: Hatch First 

Get SALT Encoding   

  12  0:00  Drone  
  13  0:12  Overlord  
  13  0:16  Drone  
  14  0:30  Drone x2  
  16  0:48  Hatchery  
  15  0:51  Drone  
  15  0:55  Drone  
  17  0:58  Drone  
  18  1:09  Extractor  
  17  1:12  Spawning Pool  
  17  1:16  Drone  
  17  1:20  Drone  
  18  1:28  Drone  
  19  1:39  Drone  
  20  1:52  Drone  
  21  1:59  Queen  
  21  2:00  Queen, Overlord  
  25  2:01  Drone  
  26  2:10  Drone  
  26  2:11  Drone  
  28  2:22  Drone x2  
  30  2:33  Drone x2  
  30  2:35  Queen  
  34  2:37  Lair  
  34  2:44  Overlord  
  34  2:45  Drone  
  35  2:53  Drone  
  35  2:54  Evolution Chamber  
  35  2:58  Drone  
  35  3:03  Roach Warren  
  35  3:05  Drone x2  
  37  3:11  Drone x4  
  37  3:12  Drone  
  42  3:15  Drone  
  42  3:19  Zerg Missile Weapons Level 1  
  43  3:20  Drone  
  43  3:23  Overlord  
  44  3:29  Extractor  
  44  3:30  Extractor  
  42  3:40  Drone x2  
  44  3:42  Glial Reconstitution  
  44  3:43  Drone  
  44  3:44  Drone x3  
  44  3:45  Overlord  
  44  3:47  Roach  
  44  3:48  Roach  
  52  3:55  Overlord x2  
  52  4:04  Roach  
  52  4:08  Roach  
  56  4:14  Roach x5  
  66  4:27  Hatchery  
  66  4:30  Overlord  
  66  4:31  Overlord  
  65  4:32  Roach  
  65  4:34  Roach  
  69  4:43  Overlord  
  69  4:44  Drone x4  
  73  4:52  Drone x4  
  77  4:55  Drone  
  77  4:59  Drone  
  79  5:08  Roach x2  
  83  5:14  Drone x3  
  84  5:22  Drone x3  
  84  5:23  Drone, Extractor, Evolution Chamber  
  84  5:26  Overlord  
  86  5:34  Overseer  
  86  5:36  Drone x2  
  86  5:42  Drone x4  
  92  5:45  Extractor  
  92  5:49  Overlord x2  
  91  5:52  Roach  
  91  5:53  Roach x2  
  97  5:57  Roach x2  
  97  6:00  Roach  
  103  6:04  Roach  
  103  6:08  Roach  
  103  6:09  Roach x2  
  103  6:10  Roach x4  
  119  6:12  Spine Crawler  
  119  6:13  Roach x2  
  119  6:18  Roach  
  122  6:21  Roach x3  
  122  6:22  Roach  
  118  6:25  Roach  
Show
View Real Time Build Order
Export as new Build Order

Elazer Zerg - Winner!

Build Orders: Hatch First, Roach Nydus 

Get SALT Encoding   

  12  0:00  Drone  
  13  0:11  Overlord  
  13  0:16  Drone  
  14  0:30  Drone x2  
  16  0:47  Hatchery  
  15  0:50  Drone  
  15  0:54  Drone  
  17  0:57  Drone  
  18  1:08  Extractor  
  17  1:12  Spawning Pool  
  17  1:15  Drone  
  17  1:18  Drone  
  18  1:27  Drone  
  19  1:38  Drone  
  20  1:49  Drone  
  21  1:59  Queen x2  
  21  2:00  Zergling x2  
  26  2:01  Overlord  
  26  2:10  Drone x2  
  28  2:21  Drone x2  
  30  2:32  Hatchery  
  29  2:37  Drone x2  
  32  2:44  Drone  
  32  2:45  Drone  
  33  2:53  Drone, Overlord  
  34  2:59  Lair  
  34  3:04  Drone x2  
  36  3:11  Drone x6  
  42  3:19  Roach Warren  
  41  3:20  Queen  
  41  3:23  Overlord  
  41  3:25  Drone  
  44  3:37  Extractor  
  44  3:39  Drone  
  44  3:41  Overlord  
  44  3:42  Drone  
  44  3:43  Drone x5  
  44  3:47  Drone  
  51  3:52  Drone x2  
  53  3:56  Extractor  
  53  4:00  Overlord  
  52  4:04  Glial Reconstitution  
  52  4:05  Overseer  
  52  4:07  Overlord  
  52  4:14  Roach x6  
  52  4:16  Overlord  
  64  4:28  Drone x5  
  64  4:29  Drone x2  
  71  4:38  Overlord  
  71  4:43  Extractor  
  70  4:46  Drone x3  
  70  4:47  Drone x3  
  70  4:48  Extractor  
  70  4:49  Roach x4  
  83  4:53  Roach x2  
  83  4:56  Overlord  
  87  5:02  Roach x3  
  93  5:09  Roach x2  
  96  5:15  Roach x5  
  96  5:18  Overlord  
  106  5:24  Overlord  
  106  5:26  Overlord  
  106  5:29  Nydus Network  
  105  5:36  Overlord x2  
  105  5:37  Roach x3  
  105  5:41  Roach  
  113  5:44  Roach x2  
  113  5:48  Ravager  
  113  5:49  Roach x2  
  122  5:53  Roach x2  
  126  5:58  Roach x2  
  126  6:00  Roach  
  126  6:01  Roach  
  134  6:04  Roach x2  
  134  6:08  Nydus Canal  
  140  6:11  Roach x2  
  140  6:14  Roach  
  146  6:18  Roach  
  146  6:25  Nydus Canal  
  136  6:26  Roach x5  
Tags
 
Add a new tag
Caveats
  • Supply blocks, unpowered buildings, or Contaminate may cause inaccurate times.
  • Supply counts are checked every 10 seconds.